cohdb
Replays
Latest Replays
All Replays
Popular Replays
Top Player Replays
Match Explorer
How It Works
Community
CoH3 Stats
Reddit
Sign in to upload your games and track your stats! →
Sign in with Steam
Match 47224505
Unlisted
Match 47224505
Overview
Messages
Build Orders
End
Vickers Machine Gun Team
Royal Engineer Section
Construct Section Command Post
Selects Indian Artillery Battlegroup
Dingo Light Scout Car
ML 3-inch Mortar Team
Grenade Package
Selects Towed ML 4.2-inch Heavy Mortar
Towed ML 4.2-inch Heavy Mortar
Construct Platoon Command Post
6-pounder Anti-tank Gun Team
Unlock Bishop Self-propelled Artillery
Infantry Section
Selects Off-map Airburst Barrage
Bishop Self-propelled Artillery
Off-map Airburst Barrage
Infantry Section
Infantry Section
Humber Armored Car
Selects BL5.5 Artillery Emplacement
Royal Engineer Section
Off-map Airburst Barrage
6-pounder Anti-tank Gun Team
ftw
Pumtin
RU
higg0066
t34
Altair Ibn La'Ahad
Mantakoo
Mr.Wagner
0
0
Comments
sign in to comment!
No comments posted yet!